 Dungeon Crawl Stone Soup version 0.30-a0-134-gb40fab5c76 (webtiles) character file.

Game seed: 18053788111865628786

51 juncz the Magician (level 4, -1/32 HPs)
             Began as a Djinni Ice Elementalist on Sept 19, 2022.
             Slain by Robin
             ... wielding a +0 dagger
              (3 damage)
             ... on level 2 of the Dungeon.
             The game lasted 00:02:45 (1889 turns).

juncz the Magician (Djinni Ice Elementalist)        Turns: 1889, Time: 00:02:45

Health: -1/32      AC:  8    Str:  7    XL:     4   Next: 5%
Gold:   65         EV: 12    Int: 19    God:
                   SH:  0    Dex: 13

rFire   + + .      SeeInvis .    (no weapon)
rCold   x . .      Faith    .    (no shield)
rNeg    . . .      Spirit   .    a - +0 robe
rPois   ∞          Reflect  .    (no helmet)
rElec   .          Harm     .    (no cloak)
rCorr   .          Rampage  .    (no gloves)
Will    .....                    (boots unavailable)
Stlth   ++........               (no amulet)
HPRegen 0.10/turn                (no ring)
MPRegen 0.00/turn                (no ring)

@: ice-armoured, flying, very slightly contaminated
A: sickness immunity, fire resistance 2, cold vulnerability 1, float, innate
caster, HP casting, extra vitality 1
a: no special abilities


You were on level 2 of the Dungeon.
You visited 1 branch of the dungeon, and saw 2 of its levels.

You collected 65 gold pieces.

Inventory:

Armour
 a - a +0 robe (worn)
Scrolls
 d - a scroll of amnesia {unknown}
Potions
 b - a potion of degeneration {unknown}
 c - 2 potions of curing {unknown}
 f - 2 potions of might {unknown}
 g - a potion of haste {unknown}
 h - 3 potions of heal wounds {unknown}


   Skills:
 + Level 1.2 Fighting
 - Level 2.7 Dodging
 - Level 2.1 Stealth
 + Level 3.7 Spellcasting


You couldn't memorise any spells.
You knew the following spells:

 Your Spells              Type           Power      Damage    Failure   Level
a - Freeze                Ice            68%        1d8       3%          1
b - Frozen Ramparts       Ice            34%        1d6       10%         3
c - Ozocubu's Armour      Ice            17%        N/A       10%         3
d - Hailstorm             Conj/Ice       17%        3d6       30%         4
e - Magic Dart            Conj           68%        1d6       3%          1
Your spell library was empty.

Dungeon Overview and Level Annotations

Branches:
Dungeon (2/15)

Altars:

Annotations:
D:2 Robin


Innate Abilities, Weirdness & Mutations

You are immune to sickness and miasma.
You are immune to poison.
Your flesh is very heat resistant. (rF++)
You are vulnerable to cold. (rC-)
You float through the air rather than walking.
You learn spells naturally, not from books.
Your magical power is your life essence.
You have superior vitality. (+4 MHP)


Message History

A goblin comes into view. It is wielding a +0 dagger.
The wall freezes Robin.
Casting: Magic Dart (safe; 3% risk of failure)
Confirm with . or Enter, or press ? or * to list all spells.
Aiming: Freeze (safe; 3% risk of failure)
Press: ? - help, Shift-Dir - straight line, f - Robin
Aim: Robin, wielding a +0 dagger, wearing a +0 animal skin and wearing a +0 helmet (lightly wounded)
You freeze Robin.
Robin is moderately wounded.
The goblin shouts!
The frozen ramparts melt away.
Robin throws the goblin at you! The goblin hits you but does no damage.
Casting: Freeze (safe; 3% risk of failure)
Confirm with . or Enter, or press ? or * to list all spells.
Your icy armour thickens.
Robin says, "We wiped out the hill dwarves - you're next!"
Robin hits you with a +0 dagger. The goblin closely misses you.
Casting: Ozocubu's Armour (quite dangerous; 10% risk of failure)
Confirm with . or Enter, or press ? or * to list all spells.
You miscast Ozocubu's Armour.
You are very lightly contaminated with residual magic.
Nothing appears to happen.
Robin hits you but does no damage. The goblin barely misses you.
Casting: Ozocubu's Armour (quite dangerous; 10% risk of failure)
Confirm with . or Enter, or press ? or * to list all spells.
Your icy armour thickens.
* * * LOW HITPOINT WARNING * * *
The goblin barely misses you. Robin hits you but does no damage.
Casting: Ozocubu's Armour (quite dangerous; 10% risk of failure)
Confirm with . or Enter, or press ? or * to list all spells.
Your icy armour thickens.
* * * LOW HITPOINT WARNING * * *
Robin says, "A pitiful Djinni like you will never find the ORB!"
Robin misses you. The goblin hits you with a +0 club.
* * * LOW HITPOINT WARNING * * *
Casting: Ozocubu's Armour (quite dangerous; 10% risk of failure)
Confirm with . or Enter, or press ? or * to list all spells.
You don't have enough health to cast this spell.
Robin hits you with a +0 dagger.
You die...

#### #....
#....g##################
#....gg@g...............
#...gg##############...#
#..)g #...# #... #####
... .. .


You could see Robin, 2 hobgoblins and 4 goblins.

Vanquished Creatures
  2 adders (D:2)
  A dart slug (D:2)
  3 endoplasms (D:1)
  4 goblins
  7 hobgoblins
  A kobold (D:1)
  A quokka (D:1)
  A ball python (D:1)
  3 bats
  2 frilled lizards (D:1)
  5 rats
30 creatures vanquished.

Notes
Turn   | Place    | Note
-------+----------+-------------------------------------------
     0 | D:1      | juncz the Djinni Ice Elementalist began the quest for the
                  | Orb.
     0 | D:1      | juncz set off with the following spells memorised: Freeze,
                  | Frozen Ramparts, Ozocubu's Armour, Hailstorm.
     0 | D:1      | Reached XP level 1. HP: 15/15 MP: 0/0
   114 | D:1      | Found a faded altar of an unknown god.
   316 | D:1      | Reached XP level 2. HP: 16/21 MP: 0/0
  1310 | D:2      | Reached XP level 3. HP: 23/25 MP: 0/0
  1310 | D:2      | Learned a level 1 spell: Magic Dart
  1799 | D:2      | Reached skill level 1 in Fighting
  1879 | D:2      | Noticed Robin
  1882 | D:2      | Reached XP level 4. HP: 22/32 MP: 0/0
  1889 | D:2      | Slain by Robin

Illustrated notes

Levels and vault maps discovered:
D:1:      saegor_arrival_simple_c, layout_rooms,
          dreamdust_ecumenical_altar_grove, kennysheep_boxes
D:2:      layout_basic, dilly_guarded_unrand_morg, uniq_robin

Skill      XL: |  1  2  3 |
---------------+----------+-----
Stealth        | 2 |  2.1
Fighting       | 1 |  1.2
Dodging        | |  2.7
Spellcasting   | |  3.7

Action                   |  1- 3 |  4- 6 || total
-------------------------+-------+-------++-------
Melee: Unarmed           |     2 |       ||     2
 Cast: Freeze            |    33 |     1 ||    34
       Magic Dart        |    15 |       ||    15
       Frozen Ramparts   |     2 |       ||     2
       Ozocubu's Armour  |     1 |     3 ||     4
  Use: Scroll            |     2 |       ||     2
Armor: Robe              |     4 |     4 ||     8
Dodge: Dodged            |    15 |     4 ||    19

Table legend: (Time is in decaauts)
 A = Elapsed time spent in this place.
 B = Non-inter-level travel time spent in this place.
 C = Inter-level travel time spent in this place.
 D = Time resting spent in this place.
 E = Time spent auto-exploring this place.
 F = Levels seen in this place.
 G = Mean time per level.
                   A        B        C        D        E       F      G
               +--------+--------+--------+--------+--------+-----+--------+
         Total |   1888 |   1870 |     18 |    300 |   1412 |   2 |  944.0 |
       Dungeon |   1888 |   1870 |     18 |    300 |   1412 |   2 |  944.0 |
               +--------+--------+--------+--------+--------+-----+--------+

Top non-repeatable levels by time:
     D:1: 1302 daAuts
     D:2: 586 daAuts
